 Dungeon Crawl Stone Soup version 0.25.1-1-g288607f5aa (webtiles) character file.

Game seed: 18047626924066195769

1641 Elvor the Fighter (level 8, -3/75 HPs)
             Began as a Minotaur Hunter on July 21, 2020.
             Was a Believer of Okawaru.
             Slain by a yak (9 damage)
             ... on level 4 of the Dungeon.
             The game lasted 00:44:05 (3991 turns).

Elvor the Fighter (Minotaur Hunter)                 Turns: 3991, Time: 00:44:06

Health: -3/75      AC:  4    Str: 20    XL:     8   Next: 66%
Magic:  0/7        EV: 12    Int:  8    God:    Okawaru [**....]
Gold:   237        SH:  0    Dex: 10    Spells: 7/7 levels left

rFire    . . .     SeeInvis .   s - +0 rapier
rCold    . . .     Gourm    .   (no shield)
rNeg     + . .     Faith    .   c - +0 leather armour
rPois    .         Spirit   +   (helmet restricted)
rElec    .         Reflect  .   (no cloak)
rCorr    .         Harm     .   k - +0 pair of gloves
MR       .....                  (no boots)
Stlth    ..........             e - amulet of guardian spirit
HPRegen  0.22/turn              l - ring of attention (curse)
MPRegen  0.10/turn              x - ring of positive energy

@: no status effects
A: retaliatory headbutt, horns 2
a: Heroism, Renounce Religion


You were on level 4 of the Dungeon.
You worshipped Okawaru.
Okawaru was pleased with you.
You were not hungry.

You visited 1 branch of the dungeon, and saw 5 of its levels.
You also visited: Ossuary.

You collected 237 gold pieces.

Inventory:

Hand Weapons
 a - a +1 hand crossbow
 b - a +0 dagger of venom
 s - a +0 rapier (weapon)
Missiles
 d - 66 bolts
Armour
 c - a +0 leather armour (worn)
 k - a +0 pair of gloves (worn)
Jewellery
 e - an amulet of guardian spirit (around neck)
 l - a cursed ring of attention (left hand)
 t - an uncursed amulet of faith
 x - a ring of positive energy (right hand)
Wands
 y - a wand of digging (8)
 A - a wand of polymorph (9)
Scrolls
 g - 2 scrolls of fear {unknown}
 h - 3 scrolls of fog
 i - 4 scrolls of remove curse
 n - a scroll of amnesia {unknown}
 o - a scroll of noise {unknown}
 p - 10 scrolls of teleportation
 q - a scroll of blinking {unknown}
 v - a scroll of magic mapping {unknown}
 B - a scroll of random uselessness {unknown}
 G - a scroll of enchant weapon {unknown}
Potions
 j - 6 potions of curing
 m - 3 potions of degeneration
 r - a potion of cancellation
 u - 2 potions of flight
 w - 2 potions of magic {unknown}
 z - 2 potions of heal wounds {unknown}
 C - a potion of lignification {unknown}
 D - a potion of berserk rage {unknown}
 E - a potion of brilliance {unknown}
Comestibles
 f - 9 rations


   Skills:
 * Level 8.6 Fighting
 + Level 4.6 Short Blades
 + Level 8.3 Crossbows
 + Level 3.0 Armour
 + Level 2.8 Dodging
 - Level 1.0 Stealth
 + Level 0.4 Evocations


You had 7 spell levels left.
You didn't know any spells.
Your spell library was empty.

Dungeon Overview and Level Annotations

Branches:
Dungeon (5/15)            Ossuary (visited)
 Temple: D:4-7

Altars:
Hepliaklqana
Okawaru


Innate Abilities, Weirdness & Mutations

You reflexively headbutt those who attack you in melee.
You have a pair of horns on your head.


Message History

The yak gores you.
* * * LOW HITPOINT WARNING * * *
You barely miss the yak. Your headbutt misses the yak.
The yak is moderately wounded.
The yak closely misses you.
You puncture the yak! Your headbutt misses the yak.
The yak is heavily wounded.
The yak barely misses you.
You hit the yak but do no damage. You headbutt the yak, but do no damage.
The yak is heavily wounded.
The yak gores you.
* * * LOW HITPOINT WARNING * * *
You puncture the yak!
The yak is severely wounded.
The yak gores you.
* * * LOW HITPOINT WARNING * * *
You hit the yak.
The yak is severely wounded.
The yak gores you!
You die...

#..........# #.###..#
#........#.##########.##..##
#.....##..............##.###
#........#..########.......#
##..####....## ##.....#.#
##..##...#..### ##....###.##
##......##...###..#.####..#
###.....Y..............#..
##...##@......(....#....
###...#.......###..###...
#............###..##.##..
###.#...##.....#...##...##.
###...#...#.........##.....##
####...####.......)...#####'####
##....### #.#.#.....#...........
......# #.#.#........#...<....
......# ##.#.#.....####.#......


You could see a yak.

Vanquished Creatures
  2 yaks (D:5)
  A swamp drake (D:4)
  An ogre (D:5)
  12 scorpions
  A howler monkey (D:4)
  A crimson imp (D:5)
  2 human zombies (Ossuary)
  An orc wizard (D:3)
  A bullfrog skeleton (D:4)
  2 worker ants (D:5)
  4 big kobold zombies (Ossuary)
  4 mummies
  4 gnolls
  5 scorpion zombies (Ossuary)
  8 adders
  2 worms
  A dart slug (D:2)
  2 leopard geckos (D:3)
  5 orcs
  10 bats
  4 giant cockroaches
  5 gnoll zombies (Ossuary)
  12 goblins
  5 hobgoblins
  15 jackals
  2 quokkas
  4 ball pythons
  7 frilled lizards
  A goblin zombie (Ossuary)
  A hobgoblin zombie (Ossuary)
  A jackal skeleton (D:4)
  7 kobolds
  2 kobold zombies (Ossuary)
  An orc zombie (Ossuary)
  6 rats
142 creatures vanquished.

Vanquished Creatures (others)
  A big kobold zombie (Ossuary)
1 creature vanquished.

Grand Total: 143 creatures vanquished

Notes
Turn   | Place    | Note
-------+----------+-------------------------------------------
     0 | D:1      | Elvor the Minotaur Hunter began the quest for the Orb.
     0 | D:1      | Reached XP level 1. HP: 18/18 MP: 0/0
    47 | D:1      | Reached XP level 2. HP: 25/25 MP: 1/1
    70 | D:1      | Reached skill level 5 in Crossbows
   217 | D:1      | Reached XP level 3. HP: 30/30 MP: 2/2
   586 | D:2      | Reached skill level 1 in Armour
   592 | D:2      | HP: 1/31 [gnoll/+0 halberd (7)]
   784 | D:2      | Reached XP level 4. HP: 8/38 MP: 1/3
   879 | D:2      | Found a faded altar of an unknown god.
  1330 | D:3      | Reached XP level 5. HP: 31/46 MP: 0/4
  1870 | D:3      | Found an iron altar of Okawaru.
  1880 | D:3      | Became a worshipper of Warmaster Okawaru
  1941 | D:4      | Reached skill level 1 in Short Blades
  2035 | D:4      | Noticed a fire bat
  2035 | D:4      | a worm changed into a fire bat
  2036 | D:4      | Noticed a swamp drake
  2036 | D:4      | a fire bat changed into a swamp drake
  2057 | D:4      | Killed a swamp drake
  2057 | D:4      | Reached XP level 6. HP: 13/53 MP: 0/5
  2462 | D:4      | Found a sand-covered staircase.
  2478 | Ossuary  | Entered an ossuary
  2637 | Ossuary  | Reached skill level 5 in Fighting
  2700 | Ossuary  | Reached * piety under Okawaru
  2715 | Ossuary  | Reached XP level 7. HP: 37/61 MP: 6/6
  3342 | Ossuary  | Reached ** piety under Okawaru
  3421 | Ossuary  | Reached XP level 8. HP: 32/73 MP: 7/7
  3531 | D:4      | Found a hazy altar of Hepliaklqana.
  3778 | D:5      | Entered Level 5 of the Dungeon
  3837 | D:5      | Reached skill level 1 in Stealth
  3991 | D:4      | Slain by a yak

Illustrated notes

Levels and vault maps discovered:
D:1:      dpeg_arrival_tiny_c, layout_rooms
D:2:      layout_loops_ring, chequers_ecumenical_altar_island
D:3:      layout_rooms, okawaru_gym_becter, serial_park_tiny_1, minmay_ruptured
D:4:      layout_rooms, overflow_temple_1_default, first_ration,
          gup_ossuary_entry_pyramid, kennysheep_generic_room_16,
          uniq_crazy_yiuf_cottage
D:5:      layout_basic, lemuel_doored_altar, minmay_temple_entry_trees

Skill      XL: |  1  2  3  4  5  6  7  8 |
---------------+-------------------------+-----
Crossbows      | 5 6 7 8 |  8.3
Fighting       | 3 4 5 7 8 |  8.6
Armour         | 1 2 3 |  3.0
Short Blades   | 1 3 4 |  4.6
Stealth        | 1 |  1.0
Dodging        | |  2.8
Evocations     | |  0.4

Action                   |  1- 3 |  4- 6 |  7- 9 || total
-------------------------+-------+-------+-------++-------
Melee: Short sword       |    24 |     2 |       ||    26
       Headbutt          |     6 |     8 |    28 ||    42
       Rapier            |       |    58 |   106 ||   164
       Dagger            |       |       |     1 ||     1
 Fire: Hand crossbow     |    59 |   141 |    93 ||   293
Evoke: Wand              |       |     4 |       ||     4
  Use: Scroll            |       |     6 |     1 ||     7
  Eat: Chunk             |       |     2 |     1 ||     3
       Ration            |       |     1 |     1 ||     2
Armor: Leather armour    |    18 |    17 |    18 ||    53
Dodge: Dodged            |    30 |    53 |    43 ||   126
